 Dungeon Crawl Stone Soup version 0.31.0-12-g77e489cdc1 (webtiles) character file.

Game seed: 8665175480913577423

5339 Gadfly the Insei (level 10, -6/77 HPs)
             Began as a Demonspawn Monk on Feb 11, 2024.
             Was an Initiate of Ru.
             Killed from afar by an acid dragon (14 damage)
             ... with a splash of acid
             ... on level 8 of the Dungeon.
             The game lasted 00:15:07 (7769 turns).

Gadfly the Insei (Demonspawn Monk)                  Turns: 7769, Time: 00:15:08

Health: -6/77      AC:  9    Str: 19    XL:     10   Next: 38%
Magic:  10/10      EV: 30    Int: 17    God:    Ru [......]
Gold:   428        SH:  4    Dex: 15    Spells: 9/9 levels left

rFire   . . .        b - +6 hammer of Gadfly's Destruction {spect, Str+4}
rCold   . . .        (no shield)
rNeg    . . .        n - +1 robe {Will+}
rPois   .            (helmet currently unavailable)
rElec   .            k - melded +1 cloak
rCorr   .            (gloves currently unavailable)
SInv    +            x - melded +0 pair of boots
Will    +....        t - amulet "Coim" {Acrobat Int+5} Stlth
                     f - +4 ring of protection
HPRegen 0.32/turn    y - ring of see invisible
MPRegen 0.12/turn

%: acrobat
@: beast-form, acrobatic, studying Polearms
A: beast (slay +3), claws 1, foul stench 2, no stealth, sharp scales 2,
condensation shield
a: Begin Untransformation, Renounce Religion


You were on level 8 of the Dungeon.
You worshipped Ru.
Ru was noncommittal.
You were a hulking beast.
You visited 1 branch of the dungeon, and saw 9 of its levels.

You collected 428 gold pieces.

Inventory:

Hand Weapons
 b - the +6 hammer of Gadfly's Destruction (weapon) {spect, Str+4}
   (You found it on level 2 of the Dungeon)

   Str+4:     It affects your strength (+4).
 i - a +2 dagger of venom
 l - a +2 whip of electrocution
 G - a +5 long sword
Armour
 c - an orb of light
 k - a +1 cloak (melded)
 n - a +1 robe of willpower (worn)
 x - a +0 pair of boots (melded)
Jewellery
 f - a +4 ring of protection (left claw)
 o - a ring of willpower
 t - the amulet "Coim" (around neck) {Acrobat Int+5}
   (You found it on level 4 of the Dungeon)

   [amulet of the acrobat]

   Acrobat:   It increases your evasion while moving and waiting.
   Int+5:     It affects your intelligence (+5).
 y - a ring of see invisible (right claw)
Talismans
 m - a beast talisman (active)
 B - a blade talisman
Wands
 z - a wand of polymorph (12) (quivered)
 C - a wand of roots (9)
 D - a wand of paralysis (8)
 E - a wand of flame (15)
Scrolls
 a - 2 scrolls of fog
 p - 2 scrolls of blinking
 w - a scroll of enchant weapon
Potions
 d - 3 potions of lignification
 e - 2 potions of ambrosia
 g - 2 potions of haste
 r - a potion of attraction
 s - a potion of cancellation
 u - a potion of might
 v - 4 potions of curing
 A - a potion of enlightenment


   Skills:
 * Level 6.4 Fighting
 + Level 6.8 Dodging
 + Level 7.3 Unarmed Combat
 + Level 6.2 Evocations
 * Level 6.8 Shapeshifting


You had 9 spell levels left.
You didn't know any spells.
Your spell library contained the following spells:

 Spells                   Type           Power      Damage    Failure   Level
 Magic Dart               Conj           0%         1d3       24%         1
 Searing Ray              Conj           0%         2d4       34%         2
 Dazzling Flash           Conj/Hex       0%         N/A       56%         3
 Hailstorm                Conj/Ice       0%         3d5       56%         3
 Summon Ice Beast         Ice/Summ       0%         N/A       56%         3
 Volatile Blastmotes      Fire/Tloc      0%         2d10      56%         3
 Fulminant Prism          Conj/Alch      0%         3d5       93%         4
 Sculpt Simulacrum        Ice/Alch       0%         N/A       100%        6
 Starburst                Conj/Fire      0%         6d3       100%        6
 Maxwell's Capacitive Co  Air            0%         ∞         100%        8


Dungeon Overview and Level Annotations

Branches:
Dungeon (9/15)             Temple (0/1) D:6
   Lair: D:8-11         Orc: D:9-12

Altars:
Cheibriados
Fedhas
Makhleb
Qazlal
Ru
Sif Muna
Wu Jian
Xom

Annotations:
D:9 1 runed translucent door


Innate Abilities, Weirdness & Mutations

You are a hulking beast.
Your limbs bulge with bestial killing power. (Slay +3)
You have sharp fingernails.
You sometimes emit foul miasma when damaged in melee.
You cannot be stealthy.
You are mostly covered in razor-sharp scales. (AC +2, Slay +2)
A meltable shield of frost defends you. (SH +4)


Message History

You start resting.
HP restored.
There is a stone staircase leading down here.
You climb downwards.
Level annotation: 1 runed translucent door The orc priest calls down the wrath of Beogh upon you.
Beogh smites you!
The orc priest hits you but does no damage.
The orc closely misses you.
There is a stone staircase leading up here.
You sock the orc priest!
The orc priest is severely wounded.
Your +6 hammer of Gadfly's Destruction {spect, Str+4} hits the orc priest!
You kill the orc priest!
The orc barely misses you.
The orc priest mumbles some strange prayers to Beogh against you.
Beogh smites you!
You barely miss the orc.
Your +6 hammer of Gadfly's Destruction {spect, Str+4} hits the orc!
You kill the orc!
The orc priest calls down the wrath of Beogh upon you.
Beogh smites you! The acid dragon spits acid at you.
The splash of acid hits you!!
* * * LOW HITPOINT WARNING * * *
You feel much better.
Your +6 hammer of Gadfly's Destruction {spect, Str+4} disappears.
The orc priest looks braver for a moment.
The acid dragon bites you!
* * * LOW HITPOINT WARNING * * *
You emit a cloud of foul miasma!
The acid dragon claws you but does no damage.
The orc warrior hits you with a +0 short sword!
* * * LOW HITPOINT WARNING * * *
The orc misses you.
You climb upwards.
There is a stone staircase leading down here.
The acid dragon spits acid at you. The splash of acid hits you!
You die...

########
#############......#
...............D>o.#
#############..oh..#
#..)[..# ####[###
############ #.#
...........# #.#
...........#####.#
...............#.#
...........##.##.#
...........##.##.#


You could see an orc warrior, an acid dragon (catching breath) and an orc.

Vanquished Creatures
  Amaemon (D:8)
  Pikel (D:6)
  An orange demon (D:8)
  An unseen horror (D:8)
  A kobold demonologist (D:7)
  A hornet (D:8)
  A wyvern (D:6)
  A steam dragon (D:8)
  A water moccasin (D:7)
  A sky beast (D:7)
  An ice beast (D:7)
  3 orc warriors
  A black bear (D:5)
  An ogre (D:5)
  2 phantoms
  3 centaurs
  2 kobold brigands
  A lemure (D:6)
  3 bullfrogs
  6 wights (D:8)
  6 howler monkeys (D:7)
  A bombardier beetle (D:6)
  6 jellies
  Crazy Yiuf (D:2)
  6 orc priests
  5 iguanas
  3 sleepcaps
  9 orc wizards
  4 gnolls (D:5)
  3 adders
  2 shadow imps
  2 ufetubi (D:5)
  5 dart slugs
  4 ribbon worms
  28 orcs
  2 bats (D:1)
  2 endoplasms
  2 giant cockroaches
  5 goblins
  4 hobgoblins
  7 jackals
  11 kobolds
  3 quokkas
  7 ball pythons
  A frilled lizard (D:1)
  A kobold zombie (D:9)
  3 rats
166 creatures vanquished.

Notes
Turn   | Place    | Note
-------+----------+-------------------------------------------
     0 | D:1      | Gadfly the Demonspawn Monk began the quest for the Orb.
     0 | D:1      | Reached XP level 1. HP: 18/18 MP: 1/1
   327 | D:1      | Gained mutation: You have sharp fingernails. [demonic
                  | ancestry]
   327 | D:1      | Reached XP level 2. HP: 24/24 MP: 2/2
   648 | D:2      | Found a faded altar of an unknown god.
   665 | D:2      | Reached skill level 1 in Evocations
   741 | D:2      | Reached skill level 3 in Unarmed Combat
   817 | D:2      | Reached skill level 1 in Shapeshifting
   847 | D:2      | Gained mutation: You are partially covered in razor-sharp
                  | scales. (AC +1, Slay +1) [demonic ancestry]
   847 | D:2      | Reached XP level 3. HP: 22/29 MP: 3/3
  1223 | D:2      | Found a runed translucent door.
  1224 | D:2      | Noticed Crazy Yiuf
  1648 | D:2      | Killed Crazy Yiuf
  1666 | D:2      | Identified the +6 hammer of Gadfly's Destruction {spect,
                  | Str+4}
  1986 | D:3      | Gained mutation: You are mostly covered in razor-sharp
                  | scales. (AC +2, Slay +2) [demonic ancestry]
  1986 | D:3      | Reached XP level 4. HP: 35/35 MP: 4/4
  2100 | D:3      | Found a burning altar of Makhleb.
  2104 | D:3      | Found a stormy altar of Qazlal.
  2109 | D:3      | Found an ornate altar of the Wu Jian Council.
  2116 | D:3      | Found a shimmering altar of Xom.
  2616 | D:4      | Gained mutation: You may rarely emit foul miasma when
                  | damaged in melee. [demonic ancestry]
  2616 | D:4      | Reached XP level 5. HP: 41/41 MP: 5/5
  2622 | D:4      | Identified the amulet "Coim" {Acrobat Int+5}
  2775 | D:4      | Noticed a centaur
  2781 | D:4      | Killed a centaur
  2966 | D:5      | Entered Level 5 of the Dungeon
  2966 | D:5      | Noticed an orc warrior
  2974 | D:4      | Killed an orc warrior
  2975 | D:4      | Reached skill level 4 in Unarmed Combat
  2975 | D:4      | Gained mutation: You sometimes emit foul miasma when
                  | damaged in melee. [demonic ancestry]
  2975 | D:4      | Reached XP level 6. HP: 30/47 MP: 6/6
  3135 | D:5      | Reached XP level 7. HP: 37/52 MP: 7/7
  3477 | D:5      | Reached skill level 5 in Unarmed Combat
  3789 | D:6      | Noticed a wyvern
  3793 | D:6      | Killed a wyvern
  3841 | D:6      | Gained mutation: A meltable shield of frost defends you.
                  | (SH +4) [demonic ancestry]
  3841 | D:6      | Reached XP level 8. HP: 53/58 MP: 8/8
  3960 | D:6      | Found a staircase to the Ecumenical Temple.
  4000 | D:6      | Reached skill level 5 in Evocations
  4077 | D:6      | Noticed Pikel
  4086 | D:6      | Killed Pikel
  4087 | D:6      | Reached skill level 6 in Unarmed Combat
  4231 | D:6      | Found a sacrificial altar of Ru.
  4281 | D:6      | Found a blossoming altar of Fedhas.
  4312 | D:6      | Became a worshipper of Ru the Awakened
  4974 | D:6      | Found a snail-covered altar of Cheibriados.
  5054 | D:7      | Reached skill level 5 in Shapeshifting
  5123 | D:7      | Reached skill level 5 in Dodging
  5125 | D:7      | Reached XP level 9. HP: 59/64 MP: 9/9
  5738 | D:7      | Found a shimmering blue altar of Sif Muna.
  5885 | D:7      | Noticed a kobold demonologist
  5896 | D:7      | Killed a kobold demonologist
  6120 | D:8      | Reached skill level 5 in Fighting
  6707 | D:8      | Noticed an unseen horror
  6742 | D:8      | Gained mutation: You cannot be stealthy. [Ru sacrifice]
  6754 | D:8      | Killed an unseen horror
  6755 | D:8      | Reached skill level 7 in Unarmed Combat
  6755 | D:8      | Reached XP level 10. HP: 45/76 MP: 10/10
  7000 | D:8      | Noticed Amaemon
  7001 | D:8      | Noticed an orange demon
  7017 | D:8      | Killed an orange demon
  7027 | D:8      | Killed Amaemon
  7510 | D:9      | Found a runed translucent door.
  7530 | D:9      | HP: 3/77 [orc priest/divine providence (14)]
  7769 | D:8      | Killed from afar by an acid dragon

Illustrated notes

Levels and vault maps discovered:
D:1:      lightli_arrival_maybe_door_vault, layout_basic, roderic_roman_lattice
D:2:      layout_basic, hellmonk_ecumenical_altar_zigzags,
          uniq_crazy_yiuf_cottage
D:3:      layout_rooms, nicolae_overflow_hallway_of_the_gods,
          kennysheep_generic_room_11
D:4:      layout_basic, serial_corexii_hall, chequers_hall_statues_y,
          corexii_hall_statues_s, corexii_hall_statues_l, corexii_hall_statues_x
D:5:      layout_rooms
D:6:      layout_loops_ring, mainiacjoe_overflow_catwalk,
          kennysheep_slug_shrine, mainiacjoe_overflow_alcove_2,
          minmay_temple_entry_poolview, corner_web_ring, columned_hall_lemuel,
          minmay_misc_feat_ornament, uniq_pikel
D:7:      layout_basic, serial_library, serial_library_hellmonk_open_cross,
          serial_library_hellmonk_small_corner,
          serial_library_regret_index_multi, serial_library_hellmonk_h_bend,
          serial_library_regret_index_split_case,
          serial_library_hellmonk_semicircle,
          serial_library_hellmonk_narrow_alcove, st_stairs_11
D:8:      layout_basic, uniq_amaemon
D:9:      layout_cave_pools, dk_yredelemnul_ordeal, serial_demonic,
          serial_demonic_b, serial_demonic_c, serial_demonic_c, serial_demonic_c

Skill      XL: |  1  2  3  4  5  6  7  8  9 10 |
---------------+-------------------------------+-----
Evocations     | 1 2 3 4 5 6 |  6.2
Unarmed Combat | 3 4 5 6 7 |  7.3
Shapeshifting  | 1 2 3 5 6 |  6.8
Dodging        | 3 4 5 6 |  6.8
Fighting       | 5 6 |  6.4

Action                     |  1- 3 |  4- 6 |  7- 9 | 10-12 || total
---------------------------+-------+-------+-------+-------++-------
  Melee: Unarmed           |    31 |       |   108 |    10 ||   149
         Whip              |    37 |       |       |       ||    37
         Mace              |     8 |    53 |   114 |    32 ||   207
         Punch             |       |       |    11 |     1 ||    12
 Invoke: Reject Sacrifices |       |       |     1 |       ||     1
         Sacrifice Stealth |       |       |     1 |       ||     1
Ability: Begin Untransform |       |       |     1 |       ||     1
    Use: Scroll            |     6 |     7 |     6 |     1 ||    20
         Potion            |       |     1 |     1 |     1 ||     3
   Stab: Distracted        |       |       |       |     1 ||     1
 Armour: Robe              |    32 |    29 |   116 |    31 ||   208
  Dodge: Dodged            |    44 |    42 |   154 |    47 ||   287
  Block: Other             |       |       |    23 |    10 ||    33
   Form: Beast             |       |     1 |     1 |       ||     2
